 Dungeon Crawl Stone Soup version 0.29-a0-845-g6161e89988 (webtiles) character file.

Game seed: 15776921888393297509

609 wingedge the Poker (level 7, -8/44 HPs)
             Began as a Tengu Fighter on July 15, 2022.
             Was an Initiate of the Shining One.
             Mangled by Duvessa
             ... wielding a +4 short sword
              (21 damage)
             ... on level 4 of the Dungeon.
             The game lasted 00:33:59 (2106 turns).

wingedge the Poker (Tengu Fighter)                  Turns: 2106, Time: 00:34:00

Health: -8/44      AC:  8    Str: 23    XL:     7   Next: 43%
Magic:  8/8        EV: 12    Int:  8    God:    the Shining One [......]
Gold:   132        SH:  4    Dex: 13    Spells: 6/6 levels left

rFire   . . .      SeeInvis .   a - +0 trident
rCold   + . .      Faith    .   c - +0 buckler
rNeg    . . .      Spirit   .   m - +0 scale mail {rC+}
rPois   +          Reflect  .   (helmet restricted)
rElec   .          Harm     .   (no cloak)
rCorr   +          Rampage  .   j - +0 pair of gloves
Will    +....                   (boots unavailable)
Stlth   ..........              (no amulet)
HPRegen 0.14/turn               e - +6 ring of strength
MPRegen 0.11/turn               i - ring "Tileiz" {Fly rPois Will+ rCorr Int-2}

@: flying quickly and evasively, glowing, quick
A: beak, talons 3, nimble flight
a: Renounce Religion


You were on level 4 of the Dungeon.
You worshipped the Shining One.
The Shining One was noncommittal.
You visited 1 branch of the dungeon, and saw 4 of its levels.

You collected 132 gold pieces.

Inventory:

Hand Weapons
 a - a +0 trident (weapon)
 l - a +1 vampiric trident
Armour
 c - a +0 buckler (worn)
 j - a +0 pair of gloves (worn)
 m - a +0 scale mail of cold resistance (worn)
Jewellery
 e - a +6 ring of strength (left hand)
 i - the ring "Tileiz" (right hand) {Fly rPois Will+ rCorr Int-2}
   (You acquired it on level 4 of the Dungeon)

   [ring of poison resistance]

   Int:       It affects your intelligence (-2).
   rPois:     It protects you from poison.
   Fly:       It grants you flight.
   rCorr:     It protects you from acid and corrosion.
   Will:      It increases your willpower.
 n - a ring of see invisible
Scrolls
 o - a scroll of teleportation
Potions
 d - a potion of degeneration {unknown}
 g - a potion of brilliance
 p - a potion of cancellation {unknown}


   Skills:
 + Level 4.5 Fighting
 * Level 5.8 Polearms
 - Level 2.2 Throwing
 + Level 5.1 Armour
 + Level 1.8 Dodging
 - Level 3.0 Shields


You had 6 spell levels left.
You didn't know any spells.
Your spell library contained the following spells:

 Spells                   Type           Power      Damage    Failure   Level
 Ensorcelled Hibernation  Hex/Ice        0%         N/A       91%         2
 Passwall                 Tmut/Erth      0%         N/A       91%         2
 Summon Guardian Golem    Hex/Summ       0%         N/A       99%         3
 Swiftness                Air            0%         N/A       99%         3
 Orb of Destruction       Conj           0%         9d5       100%        7
 Spellforged Servitor     Conj/Summ      0%         N/A       100%        7


Dungeon Overview and Level Annotations

Branches:
Dungeon (4/15)
 Temple: D:4-7

Altars:
Ru
The Shining One

Shops:
D:2 :=

Annotations:
D:4 Duvessa


Innate Abilities, Weirdness & Mutations

You have a beak for a mouth.
You have claws for feet.
Your magical nature lets you fly swiftly and evasively.


Message History

The adder is heavily wounded.
You block the adder's attack.
You closely miss the adder. You claw the adder.
You kill the adder!
Reach: a) +0 trident
Press: ? - help, Dir - move target, f - Duvessa
Aim: Duvessa, wielding a +4 short sword, wearing a +0 leather armour and carrying a wand of roots (10) (about 36% to evade your +0 trident)
Okay, then.
Reach: a) +0 trident
Press: ? - help, Dir - move target, f - Duvessa
Aim: Duvessa, wielding a +4 short sword, wearing a +0 leather armour and carrying a wand of roots (10) (about 36% to evade your +0 trident)
You reach to attack!
You hit Duvessa but do no damage.
Duvessa goes berserk!
You block Duvessa's attack.
Okay, then.
You puncture Duvessa!
Duvessa is lightly wounded.
Duvessa hits you with a +4 short sword!
You hit Duvessa but do no damage. You claw Duvessa!
Duvessa is moderately wounded.
Duvessa hits you with a +4 short sword. Duvessa hits you with a +4 short sword!
You closely miss Duvessa. You peck Duvessa, but do no damage.
Duvessa is moderately wounded.
Duvessa hits you with a +4 short sword!
* * * LOW HITPOINT WARNING * * *
Blink to where?
Press: ? - help, Dir - move target, p - Duvessa
As you read the scroll of blinking, it crumbles to dust.
You hear a shout!
Duvessa rages.
Things that are here:
a +0 scythe; a +0 robe; the human corpse of Sigmund You feel much better.
Duvessa attacks as you move away!
Duvessa hits you with a +4 short sword! x2
* * * LOW HITPOINT WARNING * * *
Okay, then.
Okay, then.
Okay, then.
You feel better.
Duvessa hits you with a +4 short sword!!
You die...

.#e##.#
###.#.####
##.....#
#.#.##.#
#.##e##.#
#.# #)##.#
#. #.##.#
. #..e># .
####@# ..
#.# #.#
#.#
########.#
#........#
########.#
#.# #.#


You could see Duvessa (berserk).

Vanquished Creatures
  Grinder (D:3)
  Sigmund (D:4)
  A scorpion (D:3)
  Dowan (D:4)
  An orc priest (D:3)
  An iguana (D:4)
  4 adders
  A gnoll (D:1)
  A worm (D:2)
  A dart slug (D:1)
  5 orcs (D:3)
  An endoplasm (D:3)
  3 giant cockroaches
  5 goblins
  A hobgoblin (D:3)
  2 quokkas
  4 ball pythons
  4 bats
  5 frilled lizards
  6 kobolds
  A rat (D:1)
50 creatures vanquished.

Notes
Turn   | Place    | Note
-------+----------+-------------------------------------------
     0 | D:1      | wingedge the Tengu Fighter began the quest for the Orb.
     0 | D:1      | Reached XP level 1. HP: 14/14 MP: 2/2
    58 | D:1      | Reached XP level 2. HP: 1/19 MP: 3/3
   568 | D:1      | Reached XP level 3. HP: 21/23 MP: 4/4
   597 | D:1      | Found a faded altar of an unknown god.
   633 | D:1      | Prayed at the altar of an unknown god.
   633 | D:1      | Became a worshipper of Ru the Awakened
   849 | D:2      | Found a glowing golden altar of the Shining One.
   854 | D:2      | Fell from the grace of Ru
   858 | D:2      | Became a worshipper of the Shining One
   895 | D:2      | Found Duguc's Vocational Training.
  1088 | D:2      | Found Cittumm's Jewellery Boutique.
  1277 | D:3      | Reached skill level 1 in Throwing
  1277 | D:3      | Reached XP level 4. HP: 28/28 MP: 5/5
  1380 | D:3      | Gained mutation: Your magical nature lets you fly swiftly
                  | and evasively. [Tengu growth]
  1380 | D:3      | Reached XP level 5. HP: 32/32 MP: 6/6
  1482 | D:3      | Noticed Grinder
  1506 | D:3      | Paralysed by Grinder for 2 turns
  1521 | D:3      | Killed Grinder
  1522 | D:3      | Reached XP level 6. HP: 38/38 MP: 7/7
  1555 | D:3      | Reached skill level 5 in Polearms
  2022 | D:4      | Noticed Sigmund
  2023 | D:4      | Identified a scroll of acquirement
  2023 | D:4      | Acquired the ring "Tileiz" {Fly rPois Will+ rCorr Int-2}
  2036 | D:4      | Killed Sigmund
  2037 | D:4      | Reached skill level 5 in Armour
  2037 | D:4      | Reached skill level 1 in Dodging
  2037 | D:4      | Reached XP level 7. HP: 41/44 MP: 8/8
  2052 | D:4      | Noticed Dowan
  2067 | D:4      | Killed Dowan
  2081 | D:4      | Noticed Duvessa
  2106 | D:4      | Mangled by Duvessa

Illustrated notes

Levels and vault maps discovered:
D:1:      dpeg_arrival_boxorama, layout_rooms, chequers_ecumenical_altar_simple
D:2:      layout_rooms, serial_shops, shop, basic_altar, nicolae_shop_vocational
D:3:      layout_basic, uniq_grinder
D:4:      layout_loops_ring, led_sif_pool, cheibrodos_worm_habitat,
          nicolae_vehumet_altar_sigil, minmay_shop_grid_forest, uniq_sigmund,
          uniq_duvessa

Skill      XL: |  1  2  3  4  5  6 |
---------------+-------------------+-----
Polearms       | 3 4 5 |  5.8
Throwing       | 1 2 |  2.2
Armour         | 4 5 |  5.1
Fighting       | 4 |  4.5
Dodging        | 1 |  1.8
Shields        | |  3.0

Action                   |  1- 3 |  4- 6 |  7- 9 || total
-------------------------+-------+-------+-------++-------
Melee: Trident           |    79 |    64 |    15 ||   158
       Kick              |    11 |    13 |     4 ||    28
       Peck              |     6 |    10 |     5 ||    21
       Dagger            |     2 |       |       ||     2
Throw: Throwing net      |     4 |     1 |       ||     5
Invok: Reject Sacrifices |     1 |       |       ||     1
       Renounce Religion |     1 |       |       ||     1
  Use: Potion            |     1 |     4 |     2 ||     7
       Scroll            |     5 |     4 |     1 ||    10
Armor: Scale mail        |    18 |    12 |     1 ||    31
Dodge: Dodged            |    18 |    22 |     1 ||    41
Block: Buckler           |     8 |    11 |     4 ||    23

Table legend: (Time is in decaauts)
 A = Elapsed time spent in this place.
 B = Non-inter-level travel time spent in this place.
 C = Inter-level travel time spent in this place.
 D = Time resting spent in this place.
 E = Time spent auto-exploring this place.
 F = Levels seen in this place.
 G = Mean time per level.
                   A        B        C        D        E       F      G
               +--------+--------+--------+--------+--------+-----+--------+
         Total |   2056 |   1798 |    258 |    449 |      0 |   4 |  514.0 |
       Dungeon |   2056 |   1798 |    258 |    449 |      0 |   4 |  514.0 |
               +--------+--------+--------+--------+--------+-----+--------+

Top non-repeatable levels by time:
     D:1: 816 daAuts
     D:3: 527 daAuts
     D:2: 449 daAuts
     D:4: 263 daAuts
